Map: King's Cove LE

Players

LestweForget

  • Race: Zerg Zerg
  • League: Platinum
  • Spawn Location: 5:00

SandboX - Winner!

  • Race: Zerg Zerg
  • League: Gold
  • Spawn Location: 11:00

VOD

Have the link to the VOD?

Description

Time

  • Played on: Aug. 11, 2019, 7:38 p.m.
  • Length: 16:42
Show
View Real Time Build Order
Export as new Build Order

LestweForget Zerg 

Build Orders: Pool First, Zergling Baneling 

Get SALT Encoding   

  12  0:07  Drone  
  12  0:09  Drone  
  14  0:17  Extractor  
  14  0:18  Drone  
  14  0:37  Spawning Pool  
  14  0:41  Drone  
  14  0:47  Drone, Extractor  
  15  0:54  Overlord  
  15  1:12  Drone  
  15  1:13  Drone  
  15  1:16  Drone  
  18  1:35  Metabolic Boost  
  18  1:37  Zergling x2  
  18  1:38  Zergling x2  
  20  1:55  Hatchery  
  20  1:56  Zergling x2  
  20  2:00  Zergling x2  
  21  2:09  Zergling x2  
  22  2:20  Baneling Nest  
  22  2:21  Drone  
  22  2:54  Overlord  
  22  3:03  Baneling x3  
  22  3:04  Baneling  
  21  3:22  Baneling x3  
  21  3:28  Zergling x10  
  22  3:42  Zergling x4  
  22  3:43  Zergling x2  
  22  3:47  Queen  
  27  3:50  Queen  
  27  3:51  Zergling x4  
  31  4:04  Baneling  
  31  4:05  Baneling x3  
  22  4:38  Baneling  
  22  4:39  Baneling  
  22  4:44  Zergling x12  
  28  5:03  Zergling x4  
  30  5:09  Zergling x4  
  30  5:34  Baneling x4  
  23  5:53  Zergling x8  
  23  5:54  Zergling x16  
  33  6:02  Roach Warren  
  33  6:03  Drone  
  33  6:04  Extractor  
  32  6:09  Drone x2  
  32  6:10  Drone  
  35  6:20  Baneling x4  
  35  6:26  Baneling  
  35  6:37  Baneling  
  35  6:54  Overlord x2  
  35  7:05  Baneling  
  35  7:06  Baneling  
  35  7:09  Hatchery  
  35  7:12  Drone x2  
  35  7:13  Drone x6  
  35  7:14  Drone  
  43  7:23  Roach  
  43  7:25  Roach  
  47  8:03  Pneumatized Carapace  
  47  8:09  Roach x2  
  47  8:10  Overlord  
  47  8:11  Overlord  
  51  8:25  Baneling x2  
  51  8:29  Baneling x2  
  52  8:41  Drone x4  
  53  9:12  Roach x3  
  53  9:13  Roach x7  
  73  9:20  Lair  
  73  9:30  Overlord x2  
  73  9:35  Drone, Extractor  
  73  9:36  Drone, Extractor  
  73  9:38  Overlord  
  73  9:39  Drone  
  74  9:49  Drone  
  74  9:50  Drone x3  
  77  10:00  Roach x2  
  77  10:01  Roach x5  
  91  10:18  Glial Reconstitution  
  91  10:27  Roach  
  91  10:28  Nydus Network, Roach x2  
  97  10:29  Roach  
  97  10:30  Overlord  
  97  10:35  Spore Crawler  
  97  10:38  Spore Crawler  
  97  10:39  Spore Crawler  
  95  10:43  Spine Crawler  
  95  10:44  Drone  
  95  10:45  Drone  
  96  11:07  Roach x2  
  96  11:08  Roach x3  
  106  11:16  Nydus Canal  
  106  11:39  Roach  
  96  11:54  Roach x3  
  96  11:55  Roach x2  
  96  11:56  Roach x2  
  96  11:58  Roach  
  85  12:29  Roach x4  
  79  12:30  Roach x5  
  73  12:43  Roach  
  75  12:47  Spine Crawler  
  75  12:49  Roach x2  
  75  12:50  Roach  
  82  13:05  Roach  
  82  13:06  Roach x3  
  88  13:16  Queen  
  90  13:31  Nydus Canal  
  90  13:37  Roach  
  90  13:38  Roach x3  
  92  14:08  Roach  
  92  14:09  Roach x7  
  88  14:10  Roach  
  74  14:30  Roach x2  
  74  14:31  Roach x3  
  50  14:47  Roach x4  
  58  15:23  Roach x3  
  58  15:24  Roach x8  
  68  16:04  Roach x4  
  68  16:05  Roach x7  
  68  16:06  Roach  
  78  16:16  Spine Crawler  
  78  16:18  Spine Crawler  
  60  16:25  Spine Crawler  
Show
View Real Time Build Order
Export as new Build Order

SandboX Zerg - Winner!

Build Orders: Hatch First, Zergling Baneling 

Get SALT Encoding   

  12  0:01  Drone  
  13  0:13  Overlord  
  13  0:23  Drone  
  14  0:31  Drone x2  
  16  0:45  Drone  
  17  0:59  Hatchery  
  16  1:13  Drone x2  
  16  1:15  Extractor  
  17  1:20  Spawning Pool  
  17  1:24  Drone  
  17  1:32  Drone  
  18  1:36  Drone  
  19  1:48  Overlord  
  19  2:07  Zergling x2  
  19  2:08  Zergling x2  
  21  2:12  Queen x2  
  25  2:20  Metabolic Boost  
  25  2:24  Drone x2  
  25  2:27  Drone  
  28  2:34  Zergling x2  
  28  2:35  Zergling x2  
  29  2:47  Drone x2  
  31  3:04  Baneling Nest  
  30  3:16  Zergling x6  
  29  3:35  Zergling x6  
  25  3:49  Zergling x2  
  25  3:54  Zergling x20  
  36  3:56  Baneling  
  36  3:57  Baneling x5  
  36  4:03  Overlord  
  36  4:19  Queen  
  23  4:33  Zergling x4  
  23  4:34  Zergling x6  
  27  4:46  Zergling x2  
  27  4:47  Zergling x6  
  31  4:53  Baneling x3  
  31  4:55  Baneling  
  28  5:19  Zergling x12  
  34  5:34  Zergling x6  
  31  5:54  Baneling x3  
  31  5:55  Baneling x2  
  25  6:03  Drone x2  
  27  6:08  Zergling x2  
  28  6:20  Zergling x6  
  31  6:30  Baneling x2  
  31  6:38  Drone x3  
  34  6:55  Drone x5  
  34  7:01  Drone x2  
  41  7:08  Overlord  
  41  7:12  Overlord  
  41  7:27  Hatchery  
  40  7:37  Drone x4  
  40  7:38  Drone  
  44  7:58  Drone x3  
  44  7:59  Drone x7  
  54  8:07  Spine Crawler  
  54  8:11  Spine Crawler  
  52  8:15  Spine Crawler  
  52  8:19  Drone x2  
  55  8:20  Drone x2  
  55  8:28  Overlord x2  
  55  8:35  Drone x4  
  59  9:10  Baneling x4  
  59  9:18  Spine Crawler  
  59  9:19  Spine Crawler  
  57  9:28  Extractor x2  
  57  9:31  Lair, Extractor  
  54  9:32  Roach Warren  
  53  9:39  Evolution Chamber  
  53  9:41  Extractor  
  53  9:42  Evolution Chamber  
  53  9:43  Queen, Extractor  
  50  10:04  Drone x20  
  70  10:11  Zerg Ground Armor Level 1, Zerg Missile Weapons Level 1  
  70  10:22  Roach x5  
  70  10:24  Overlord  
  70  10:25  Overlord  
  80  10:28  Glial Reconstitution  
  80  10:37  Overlord x3  
  80  10:47  Hydralisk Den  
  79  10:53  Roach x9  
  97  11:15  Roach x8  
  113  11:20  Hydralisk x3  
  113  11:23  Overlord  
  119  11:29  Overlord x5  
  110  11:42  Roach x3  
  110  11:46  Roach x3  
  101  11:55  Hydralisk x6  
  101  12:00  Roach x2  
  99  12:07  Hydralisk x2  
  70  12:36  Roach x6  
  80  12:57  Roach x3  
  86  13:13  Hatchery  
  85  13:31  Hatchery  
  84  13:41  Hydralisk x12  
  108  13:57  Hydralisk x2  
  106  14:08  Roach x6  
  90  14:28  Roach x5  
  86  14:43  Roach x7  
  96  15:02  Spawning Pool  
  95  15:26  Drone  
  95  15:27  Drone x11  
  107  15:49  Queen  
  107  15:58  Hydralisk x9  
  119  16:08  Roach x4  
  113  16:13  Roach  
  109  16:29  Spore Crawler  
  108  16:34  Spore Crawler  
  107  16:40  Spore Crawler  
Tags
 
Add a new tag
Caveats
  • Supply blocks, unpowered buildings, or Contaminate may cause inaccurate times.
  • Supply counts are checked every 10 seconds.